 Dungeon Crawl Stone Soup version 0.30-a0-341-g682706514a (webtiles) character file.

Game seed: 10823652733331054615

338 billz999 the Changer (level 6, -1/61 HPs)
             Began as a Vampire Earth Elementalist on Nov 4, 2022.
             Killed by divine providence
             ... invoked by an orc priest
              (9 damage)
             ... on level 4 of the Dungeon.
             The game lasted 00:08:36 (4157 turns).

billz999 the Changer (Vampire Earth Elementalist)   Turns: 4157, Time: 00:08:37

Health: -1/61      AC: 23    Str:  7    XL:     6   Next: 29%
Magic:  0/8        EV:  2    Int: 19    God:
Gold:   279        SH:  0    Dex: 15    Spells: 4/9 levels left

rFire   + . .      SeeInvis +    j - +0 dagger
rCold   x . .      Faith    .    (no shield)
rNeg    . . .      Spirit   .    (body armour currently unavailable)
rPois   +          Reflect  .    (helmet currently unavailable)
rElec   .          Harm     .    (cloak currently unavailable)
rCorr   .          Rampage  .    (gloves currently unavailable)
Will    .....      Clarity  +    (boots currently unavailable)
Stlth   +++....... NoTele   +    (no amulet)
HPRegen 0.50/turn                v - ring of fire
MPRegen 0.11/turn                (no ring)

@: tree-form, attractive, healing quickly
A: stationary, stasis, torment immunity, boosted hp, alive, (fangs 3), see
invisible, vampiric 2, clarity, low MP 1
a: Exsanguinate


You were on level 4 of the Dungeon.
You were a tree.
You visited 1 branch of the dungeon, and saw 4 of its levels.
You also visited: Sewer.

You collected 279 gold pieces.

Inventory:

Hand Weapons
 j - a +0 dagger (weapon)
Missiles
 h - 5 javelins
 k - 6 poisoned darts
Armour
 a - a +0 robe (melded)
 m - a scarf of harm
 r - a +0 cloak (melded)
 y - a +0 pair of gloves (melded)
Magical Staves
 d - a staff of air
 q - a staff of poison
Jewellery
 v - a ring of fire (left branch)
 w - a ring of resist corrosion
Wands
 z - a wand of polymorph (10)
Scrolls
 e - 3 scrolls of identify
 l - 3 scrolls of amnesia
 o - 2 scrolls of teleportation
 p - a scroll of noise {unknown}
 s - 2 scrolls of immolation
 t - a scroll of fear
 A - 2 scrolls of vulnerability {unknown}
Potions
 c - a potion of haste
 g - 6 potions of flight
 u - 4 potions of brilliance


   Skills:
 - Level 2.1 Dodging
 - Level 4.9 Stealth
 - Level 2.0 Spellcasting
 * Level 6.5 Transmutations
 - Level 3.0 Earth Magic


You had 4 spell levels left.
You knew the following spells:

 Your Spells              Type           Power      Damage    Failure   Level
a - Sandblast             Erth           26%        2d8       4%          1
b - Petrify               Tmut/Erth      20%        N/A       24%         4

Your spell library contained the following spells:

 Spells                   Type           Power      Damage    Failure   Level
 Passwall                 Tmut/Erth      16%        N/A       3%          2
 Static Discharge         Conj/Air       2%         2-3/arc   26%         2
 Stone Arrow              Conj/Erth      14%        3d7       26%         3
 Dazzling Flash           Conj/Hex       2%         N/A       45%         3
 Tukima's Dance           Hex            1%         N/A       45%         3
 Vhi's Electric Charge    Tloc/Air       2%         N/A       45%         3
 Iskenderun's Mystic Bla  Conj/Tloc      1%         2d3       86%         4
 Passage of Golubria      Tloc           1%         N/A       86%         4
 Yara's Violent Unravell  Hex/Tmut       7%         3d5       77%         5
 Arcjolt                  Conj/Air       0%         1d10      99%         5
 Lightning Bolt           Conj/Air       0%         1d11      99%         5
 Starburst                Conj/Fire      1%         6d3       100%        6


Dungeon Overview and Level Annotations

Branches:
Dungeon (4/15)              Sewer (visited)
 Temple: D:4-7

Altars:


Innate Abilities, Weirdness & Mutations

You are a tree.
Your roots penetrate the ground, keeping you stationary.
You cannot be teleported.
You are immune to unholy pain and torment.
Your maximum health is greatly increased.
Your equipment is partially melded.
Your natural rate of healing is accelerated.
((You have razor-sharp teeth.))
You have supernaturally acute eyesight. (SInv)
You are afflicted with vampirism and can become a bat while bloodless.
You possess an exceptional clarity of mind.
Your magical capacity is low. (-10% MP)


Message History

The hobgoblin hits you but does no damage.
The orc priest mumbles some strange prayers to Beogh against you.
Beogh smites you!
Casting: Sandblast (safe; 4% risk of failure)
Confirm with . or Enter, or press ? or * to list all spells.
Aiming: Sandblast (safe; 4% risk of failure)
Press: ? - help, Shift-Dir - straight line, f/p - orc priest
Aim: an orc priest, wielding a +0 whip and wearing a +0 scale mail (severely wounded, 84% to hit)
The blast of sand hits the orc but does no damage.
The orc hits you but does no damage. The hobgoblin barely misses you.
The hobgoblin misses you. The orc misses you.
Unknown command.
Casting: Sandblast (safe; 4% risk of failure)
Confirm with . or Enter, or press ? or * to list all spells.
Aiming: Sandblast (safe; 4% risk of failure)
Press: ? - help, Shift-Dir - straight line, f/p - orc priest
Aim: an orc priest, wielding a +0 whip and wearing a +0 scale mail (severely wounded, 84% to hit)
The blast of sand hits the orc but does no damage.
The orc hits you but does no damage. The hobgoblin barely misses you.
Unknown command.
It was a potion of mutation.
You feel extremely strange.
You feel less energetic.
Your thoughts seem clearer.
The orc completely misses you. The hobgoblin hits you.
It was a potion of attraction.
You feel attractive to monsters. The orc hits you with a +0 flail!
* * * LOW HITPOINT WARNING * * *
The hobgoblin barely misses you.
Unknown command.
It was a potion of lignification.
You turn into a tree.
Your +0 cloak melds into your body.
Your +0 pair of gloves melds into your body.
Your +0 robe melds into your body.
Your roots penetrate the ground.
The orc hits you but does no damage.
The hobgoblin hits you but does no damage.
You hit the orc but do no damage. The orc hits you with a +0 flail.
* * * LOW HITPOINT WARNING * * *
The orc priest mumbles some strange prayers to Beogh against you.
Beogh smites you!
You die...

#.........# ##.#
########.).......# #...
...##............# ...
................#..##..
........(.........###.# #
.............###### #.# #.#..
.............# ###.##.g....
............#######......#
..............oo♣g...####..o..
...............####..# #..
...........#.)....#.##
...##.....#####.o)).#
########### ##...##...#
#..####......# #.## ####..##
#.# #.# #.# .#


You could see an orc priest, an orc and a hobgoblin.

Vanquished Creatures
  An orc priest (D:4)
  2 orc wizards (D:4)
  10 adders
  5 river rats
  2 worms
  3 dart slugs
  6 orcs
  12 ball pythons
  19 bats
  5 endoplasms
  5 giant cockroaches
  7 goblins
  5 hobgoblins
  7 jackals (Sewer)
  9 kobolds
  4 quokkas
  7 frilled lizards
  3 rats
112 creatures vanquished.

Notes
Turn   | Place    | Note
-------+----------+-------------------------------------------
     0 | D:1      | billz999 the Vampire Earth Elementalist began the quest for
                  | the Orb.
     0 | D:1      | Reached XP level 1. HP: 13/13 MP: 3/3
   232 | D:1      | Reached skill level 2 in Transmutations
   287 | D:1      | Reached XP level 2. HP: 19/19 MP: 1/5
   361 | D:1      | Found a faded altar of an unknown god.
   964 | D:2      | Gained mutation: You are afflicted with vampirism and can
                  | become a bat while bloodless. [Vampire growth]
   964 | D:2      | Reached XP level 3. HP: 22/24 MP: 4/6
  1139 | D:2      | Reached skill level 3 in Transmutations
  1465 | D:2      | Reached XP level 4. HP: 30/30 MP: 2/7
  1990 | D:3      | Reached skill level 4 in Transmutations
  2122 | D:3      | Learned a level 4 spell: Petrify
  2853 | D:4      | Found a glowing drain.
  2863 | D:4      | Reached XP level 5. HP: 29/35 MP: 1/8
  2878 | Sewer    | Entered a sewer
  3171 | Sewer    | Reached skill level 5 in Transmutations
  3597 | Sewer    | Reached skill level 6 in Transmutations
  4128 | D:4      | Reached XP level 6. HP: 36/41 MP: 6/9
  4154 | D:4      | Gained mutation: Your magical capacity is low. (-10% MP)
                  | [potion of mutation]
  4154 | D:4      | Gained mutation: You possess an exceptional clarity of
                  | mind. [potion of mutation]
  4157 | D:4      | Killed from afar by an orc priest

Illustrated notes

Levels and vault maps discovered:
D:1:      matt_arrival_grand_opening, layout_basic,
          hellmonk_ecumenical_altar_blasted
D:2:      minmay_razor_zed, layout_loops_ring
D:3:      layout_basic
D:4:      layout_rooms, portal_sewer_entry_a

Skill      XL: |  1  2  3  4  5 |
---------------+----------------+-----
Transmutations | 2 3 4 6 |  6.5
Stealth        | 4 |  4.9
Dodging        | |  2.1
Spellcasting   | |  2.0
Earth Magic    | |  3.0

Action                   |  1- 3 |  4- 6 || total
-------------------------+-------+-------++-------
Melee: Staff             |     2 |       ||     2
       Bite              |     1 |     1 ||     2
       Dagger            |       |    12 ||    12
 Cast: Sandblast         |    59 |   123 ||   182
Evoke: Wand              |       |     5 ||     5
  Use: Scroll            |       |     6 ||     6
       Potion            |       |     8 ||     8
 Stab: Sleeping          |       |     1 ||     1
Armor: Robe              |     2 |    53 ||    55
       Skin              |       |     2 ||     2
Dodge: Dodged            |    18 |   112 ||   130

Table legend: (Time is in decaauts)
 A = Elapsed time spent in this place.
 B = Non-inter-level travel time spent in this place.
 C = Inter-level travel time spent in this place.
 D = Time resting spent in this place.
 E = Time spent auto-exploring this place.
 F = Levels seen in this place.
 G = Mean time per level.
                   A        B        C        D        E       F      G
               +--------+--------+--------+--------+--------+-----+--------+
         Total |   4473 |   4390 |     83 |      0 |   3517 |   5 |  894.6 |
       Dungeon |   3054 |   2971 |     83 |      0 |   2506 |   4 |  763.5 |
         Sewer |   1418 |   1418 |      0 |      0 |   1011 |   1 | 1418.0 |
               +--------+--------+--------+--------+--------+-----+--------+

Top non-repeatable levels by time:
   Sewer: 1418 daAuts
     D:2: 1080 daAuts
     D:1: 938 daAuts
     D:3: 793 daAuts
     D:4: 242 daAuts
